Map: Port Aleksander LE

Players

Yocto - Winner!

  • Race: Zerg Zerg
  • League: Platinum
  • Spawn Location: 11:00

Krot

  • Race: Protoss Protoss
  • League: Platinum
  • Spawn Location: 5:00

VOD

Have the link to the VOD?

Description

Time

  • Played on: Dec. 21, 2018, 11:07 a.m.
  • Length: 6:39
Show
View Real Time Build Order
Export as new Build Order

Yocto Zerg - Winner!

Build Orders: Pool First 

Get SALT Encoding   

  12  0:02  Drone  
  13  0:13  Overlord  
  13  0:19  Drone  
  14  0:33  Drone x2  
  16  0:36  Drone  
  17  0:49  Spawning Pool  
  16  0:51  Drone  
  16  0:55  Extractor  
  16  0:59  Drone  
  17  1:18  Hatchery  
  16  1:36  Zergling x6  
  19  1:53  Queen  
  21  1:56  Overlord  
  21  2:09  Drone  
  21  2:10  Metabolic Boost  
  22  2:18  Drone  
  23  2:23  Drone  
  24  2:32  Zergling x4  
  26  2:42  Zergling x4  
  25  2:58  Queen, Drone x2  
  29  3:12  Queen  
  31  3:15  Drone x4  
  35  3:24  Drone  
  35  3:25  Overlord  
  36  3:28  Overlord  
  35  3:46  Extractor  
  34  3:50  Roach Warren, Drone x3  
  34  3:54  Drone x3  
  39  4:25  Overlord  
  39  4:33  Roach  
  39  4:34  Roach x5  
  39  4:36  Overlord x2  
  51  4:51  Roach x4  
  59  4:55  Overlord x2  
  59  5:02  Roach x3  
  65  5:24  Zergling x14  
  72  5:30  Ravager x4  
  72  5:34  Ravager x2  
  78  5:37  Zergling x4  
  80  5:45  Ravager  
  80  5:49  Zergling x4  
  84  5:50  Zergling x10  
  88  5:59  Roach x2  
  89  6:19  Roach  
Show
View Real Time Build Order
Export as new Build Order

Krot Protoss 

Build Orders: 1 Gate Expand, Zealot Archon 

Get SALT Encoding   

  12  0:01  Probe  
  13  0:14  Probe  
  14  0:24  Pylon  
  14  0:26  Probe  
  15  0:42  Probe  
  16  0:47  Gateway  
  16  0:54  Probe  
  16  0:55  Assimilator  
  17  1:02  Probe  
  17  1:10  Probe  
  19  1:21  Probe  
  20  1:35  Nexus  
  20  1:46  Cybernetics Core  
  20  1:51  Probe  
  21  1:57  Assimilator  
  21  2:07  Probe  
  22  2:08  Gateway  
  22  2:17  Pylon  
  22  2:19  Probe  
  25  2:41  Pylon  
  24  2:50  Adept  
  16  2:54  Probe  
  16  2:55  Probe  
  18  3:07  Probe x2  
  18  3:09  Adept  
  22  3:19  Twilight Council  
  22  3:28  Probe x2  
  22  3:32  Assimilator  
  24  3:40  Probe  
  25  3:46  Shield Battery  
  25  3:48  Probe x2  
  27  3:56  Probe  
  27  3:58  Charge  
  28  4:03  Warp Gate  
  28  4:09  Gateway  
  28  4:12  Probe x2  
  30  4:24  Probe x2  
  32  4:36  Probe x2  
  32  4:38  Gateway  
  34  4:39  Assimilator  
  34  4:48  Probe  
  35  4:57  Pylon  
  35  4:58  Probe  
  36  5:00  Probe  
  37  5:19  Templar Archives  
  37  5:22  Gateway  
  37  5:33  Probe x2, Pylon  
  37  5:35  Pylon  
  39  5:45  Probe x2  
  41  5:54  Pylon  
  41  5:57  Probe  
  42  6:07  Gateway  
  42  6:08  Gateway  
  42  6:11  High Templar  
  42  6:12  High Templar x3  
  42  6:17  Shield Battery  
  48  6:24  Shield Battery  
  46  6:26  Shield Battery  
  46  6:27  Shield Battery  
  46  6:29  Archon x2  
Tags
 
Add a new tag
Caveats
  • Supply blocks, unpowered buildings, or Contaminate may cause inaccurate times.
  • Supply counts are checked every 10 seconds.